 Dungeon Crawl Stone Soup version 0.30.1-1-g62c8e00024 (webtiles) character file.

Game seed: 5425655219844088719

52 Inchmeat the Cudgeller (level 3, -5/31 HPs)
             Began as an Armataur Warper on July 17, 2023.
             Slain by a gnoll
             ... wielding a +0 halberd
              (9 damage)
             ... on level 2 of the Dungeon.
             The game lasted 00:02:21 (1086 turns).

Inchmeat the Cudgeller (Armataur Warper)            Turns: 1086, Time: 00:02:21

Health: -5/31      AC:  4    Str: 18    XL:     3   Next: 60%
Magic:  5/5        EV:  9    Int: 13    God:
Gold:   96         SH:  0    Dex:  9    Spells: 5/5 levels left

rFire   . . .        a - +0 mace
rCold   . . .        (no shield)
rNeg    + . .        b - +0 leather armour
rPois   .            (no helmet)
rElec   .            (no cloak)
rCorr   .            (no gloves)
SInv    .            (no barding)
Will    .....        (no amulet)
Stlth   +            f - ring of positive energy
HPRegen 0.25/turn    (no ring)
MPRegen 0.09/turn

%: roll
@: attractive, invisible
A: large, rugged brown scales 3, deformed body, armoured tail, roll, long
tongue, awkward tongue
a: no special abilities


You were on level 2 of the Dungeon.
You visited 1 branch of the dungeon, and saw 2 of its levels.

You collected 96 gold pieces.

Inventory:

Hand Weapons
 a - a +0 mace (weapon)
 e - a +1 dagger of freezing
Missiles
 d - 7 boomerangs of dispersal (quivered)
 k - 6 poisoned darts
Armour
 b - a +0 leather armour (worn)
Jewellery
 f - a ring of positive energy (left hand)
Scrolls
 c - a scroll of blinking


   Skills:
 - Level 1.7 Fighting
 + Level 3.6 Maces & Flails
 - Level 0.8 Throwing
 - Level 1.2 Armour
 - Level 1.3 Dodging
 - Level 1.7 Spellcasting
 - Level 3.0 Translocations


You had 5 spell levels left.
You didn't know any spells.
Your spell library contained the following spells:

 Spells                   Type           Power      Damage    Failure   Level
 Blink                    Tloc           16%        N/A       14%         2
 Lesser Beckoning         Tloc           16%        N/A       14%         2
 Teleport Other           Tloc           8%         N/A       26%         3
 Magic Dart               Conj           4%         1d3       30%         1
 Searing Ray              Conj           2%         2d4       43%         2
 Vhi's Electric Charge    Tloc/Air       10%        N/A       45%         3
 Manifold Assault         Tloc           8%         N/A       65%         4
 Fulminant Prism          Conj/Hex       0%         3d5       97%         4


Dungeon Overview and Level Annotations

Branches:
Dungeon (2/15)

Altars:


Innate Abilities, Weirdness & Mutations

You are completely covered in rugged brown scales. (AC +3, +7% HP)
Armour fits poorly on your strangely shaped body.
You have a long armoured tail.
You roll when moving toward enemies. (Rampage)
Your long tongue fully drains potion bottles. (2x potion effects)
Your tongue gives you trouble enunciating. (1.5x scroll delay)


Message History

You fade into invisibility!
You slurp down every last drop of the potion of invisibility!
The frilled lizard barely misses you. The gnoll barely misses you.
You aren't carrying any items that you can evoke.
Okay, then.
You fade further into invisibility.
You slurp down every last drop of the potion of invisibility!
The frilled lizard bites you but does no damage.
Unknown command.
It was a potion of attraction.
You feel attractive to monsters.
You slurp down every last drop of the potion of attraction!
The gnoll closely misses you. The frilled lizard misses you.
The gnoll is attracted toward you.
It was a potion of curing.
You feel better.
You slurp down every last drop of the potion of curing!
The frilled lizard bites you but does no damage.
The gnoll hits you from afar with a +0 halberd.
The gnoll hits you with a +0 flail!
* * * LOW HITPOINT WARNING * * *
You are too injured to fight recklessly!
You are too injured to fight recklessly!
You are too injured to fight recklessly!
You are too injured to fight recklessly!
You hit the gnoll.
The gnoll is lightly wounded.
The gnoll barely misses you. The gnoll closely misses you.
The frilled lizard barely misses you.
You hit the gnoll.
The gnoll is heavily wounded.
The gnoll completely misses you. The gnoll is attracted toward you.
You catch the helpless gnoll completely off-guard!
You sock the gnoll!
The gnoll is almost dead.
The frilled lizard bites you but does no damage.
The gnoll is attracted toward you. The frilled lizard bites you.
* * * LOW HITPOINT WARNING * * *
The gnoll hits you with a +0 halberd!
You die...

###......# .>......# ##
#......# # #. ## ...
#......##### #.#.##.. ..
#...†.....
.#..#.#######.##...######
.....##...##........<.(#
####..#.#.....#.##.##.###..
#.......#.@g§.#.#..##.##
.#.....†.#.lgg.#.#.###..####
.........##...##.#.# ##....#
......g).###)###.#.# ####.#
.g.#####..)..).....# #.# .
............###### #.#
...########## #.. # ##. ##


You could see 3 gnolls and a frilled lizard (unable to see you).

Vanquished Creatures
  A gnoll (D:2)
  An adder (D:2)
  2 bats (D:1)
  5 endoplasms
  2 giant cockroaches
  A goblin (D:2)
  6 hobgoblins
  2 quokkas
  A ball python (D:1)
  A frilled lizard (D:1)
  4 kobolds
  3 rats (D:1)
29 creatures vanquished.

Notes
Turn   | Place    | Note
-------+----------+-------------------------------------------
     0 | D:1      | Inchmeat the Armataur Warper began the quest for the Orb.
     0 | D:1      | Reached XP level 1. HP: 18/18 MP: 3/3
    57 | D:1      | Reached XP level 2. HP: 25/25 MP: 4/4
   880 | D:2      | Reached XP level 3. HP: 13/31 MP: 5/5
  1086 | D:2      | Slain by a gnoll

Illustrated notes

Levels and vault maps discovered:
D:1:      reono_arrival_forest_river, layout_basic
D:2:      layout_rooms, basic_altar, minmay_misc_feat_enclosed

Skill      XL: |  1  2 |
---------------+-------+-----
Maces & Flails | 2 3 |  3.6
Fighting       | |  1.7
Throwing       | |  0.8
Armour         | |  1.2
Dodging        | |  1.3
Spellcasting   | |  1.7
Translocations | |  3.0

Action                     || total
---------------------------++-------
  Melee: Mace              ||    78
         Tailslap          ||     6
    Use: Scroll            ||     2
         Potion            ||     4
   Stab: Invisible         ||     1
 Armour: Leather armour    ||    44
  Dodge: Dodged            ||    61
